Map: Lerilak Crest

Players

Laxzngr - Winner!

  • Race: Protoss Protoss

LilDicky

  • Race: Terran Terran
  • League: Diamond

VOD

http://www.twitch.tv/tumescentpie

Description

Time

  • Played on: Jan. 3, 2016, midnight
  • Length: 13:21
Show
View Real Time Build Order
Export as new Build Order

Laxzngr Protoss - Winner!

Build Orders: 1 Gate Expand 

Get SALT Encoding   

  12  0:00  Probe (Chrono Boost)  
  13  0:11  Probe (Chrono Boost)  
  14  0:22  Probe (Chrono Boost), Pylon  
  15  0:40  Probe (Chrono Boost), Gateway  
  16  0:46  Assimilator  
  16  0:50  Probe (Chrono Boost)  
  17  1:01  Probe (Chrono Boost)  
  18  1:15  Probe (Chrono Boost)  
  19  1:24  Nexus  
  19  1:32  Cybernetics Core  
  19  1:35  Probe (Chrono Boost)  
  20  1:40  Assimilator  
  20  1:46  Probe (Chrono Boost)  
  21  1:51  Pylon  
  21  1:57  Probe (Chrono Boost)  
  23  2:10  Mothership Core (Chrono Boost)  
  23  2:15  Adept  
  26  2:18  Warp Gate (Chrono Boost)  
  26  2:22  Pylon  
  26  2:29  Probe  
  27  2:41  Probe  
  28  2:52  Probe  
  28  2:53  Probe  
  30  3:05  Probe  
  31  3:13  Probe  
  31  3:17  Probe  
  33  3:24  Probe  
  34  3:29  Probe  
  33  3:34  Probe, Pylon  
  34  3:41  Probe  
  34  3:45  Probe  
  36  3:50  Robotics Facility  
  36  3:53  Probe, Stargate  
  37  3:55  Probe  
  37  3:58  Assimilator  
  37  3:59  Assimilator  
  37  4:02  Twilight Council  
  38  4:05  Probe  
  38  4:06  Probe  
  40  4:14  Pylon  
  40  4:15  Adept  
  42  4:17  Probe (Chrono Boost)  
  42  4:18  Probe (Chrono Boost)  
  44  4:29  Probe x2 (Chrono Boost)  
  46  4:37  Oracle (Chrono Boost)  
  49  4:39  Probe (Chrono Boost)  
  49  4:45  Probe  
  50  4:51  Probe  
  52  4:55  Probe  
  52  4:57  Gateway  
  52  4:58  Gateway  
  53  5:01  Gateway  
  53  5:02  Gateway  
  53  5:04  Gateway  
  53  5:06  Gateway  
  53  5:07  Robotics Bay  
  53  5:08  Pylon  
  53  5:09  Oracle (Chrono Boost)  
  53  5:11  Observer (Chrono Boost)  
  57  5:17  Probe x2  
  59  5:21  Adept  
  59  5:24  Resonating Glaives (Chrono Boost)  
  61  5:29  Probe x2  
  61  5:30  Observer  
  64  5:41  Probe x2  
  66  5:52  Nexus  
  66  5:53  Probe x2  
  65  6:17  Probe x2  
  67  6:22  Assimilator  
  67  6:27  Assimilator  
  67  6:28  Adept x5  
  67  6:29  Probe  
  67  6:31  Pylon  
  78  6:36  Forge  
  78  6:49  Probe x2, Disruptor  
  78  6:50  Templar Archives  
  82  7:01  Probe x2  
  82  7:07  Probe  
  84  7:13  Probe x2  
  87  7:18  Probe  
  87  7:19  Adept x3  
  87  7:20  Adept x3  
  100  7:25  Probe, Pylon  
  100  7:28  Pylon  
  100  7:29  Protoss Ground Weapons Level 1 (Chrono Boost)  
  101  7:42  Probe  
  101  7:43  Probe x2, Disruptor  
  107  7:45  Pylon  
  107  7:48  Pylon  
  107  7:53  Probe  
  107  7:56  Probe x2  
  110  8:03  Probe  
  111  8:08  Probe x2  
  113  8:13  Nexus  
  113  8:16  Pylon  
  113  8:17  Pylon  
  113  8:34  Adept x6  
  115  8:35  Adept  
  127  8:49  Probe  
  127  8:50  Probe x2  
  130  9:02  Probe x2  
  100  9:04  Adept x4  
  100  9:05  Adept x3  
  112  9:10  Stargate  
  112  9:13  Stargate  
  112  9:16  Fleet Beacon  
  112  9:23  Protoss Ground Weapons Level 2 (Chrono Boost), Assimilator  
  112  9:28  Disruptor, Assimilator  
  115  9:35  Adept x2  
  115  9:36  Adept x5  
  129  9:42  Psionic Storm  
  129  9:51  Probe  
  129  9:52  Probe x2  
  132  10:04  Probe  
  133  10:08  Tempest  
  133  10:10  Tempest  
  141  10:17  Disruptor (Chrono Boost)  
  144  10:34  Probe x3  
  147  10:44  Photon Cannon  
  147  10:46  Probe x2  
  147  10:47  Photon Cannon  
  147  10:48  Photon Cannon  
  150  10:50  Observer (Chrono Boost), Pylon  
  150  10:55  Pylon  
  150  11:01  Adept x5  
  150  11:02  Adept x2  
  164  11:06  Pylon  
  164  11:07  Pylon  
  164  11:08  Pylon  
  164  11:11  Pylon  
  164  11:15  Pylon  
  164  11:46  Tempest  
  164  11:47  Tempest  
  132  12:03  Robotics Facility  
  132  12:04  Colossus (Chrono Boost)  
  132  12:05  Robotics Facility  
  138  12:09  Forge  
  138  12:11  High Templar x4  
  138  12:12  High Templar x3  
  152  12:18  Photon Cannon  
  152  12:21  Photon Cannon  
  152  12:23  Photon Cannon x2  
  152  12:27  Nexus, Tempest x2  
  152  12:30  Pylon  
  152  12:32  Pylon  
  152  12:35  Assimilator  
  160  12:38  Assimilator  
  160  12:42  Pylon  
  156  13:00  Adept x5  
  156  13:01  Adept x2  
Show
View Real Time Build Order
Export as new Build Order

LilDicky Terran 

Build Orders: Command Center First (CC), MMM Bio 

Get SALT Encoding   

  12  0:01  SCV  
  13  0:13  SCV  
  14  0:21  Supply Depot  
  14  0:25  SCV  
  15  0:43  SCV  
  16  0:55  SCV  
  17  1:07  SCV  
  17  1:08  Command Center  
  18  1:20  Barracks  
  18  1:24  SCV, Refinery  
  19  1:36  SCV  
  20  1:48  SCV  
  21  2:00  SCV  
  22  2:08  Marine  
  23  2:10  Supply Depot  
  23  2:17  Orbital Command  
  23  2:20  Bunker  
  23  2:23  Barracks  
  23  2:29  Barracks  
  23  2:37  Barracks Tech Lab  
  23  2:44  SCV  
  24  2:51  Engineering Bay  
  24  2:55  Stimpack  
  24  2:56  SCV, Marine  
  26  3:06  Orbital Command  
  26  3:08  SCV  
  24  3:31  SCV  
  25  3:34  Barracks Reactor, Barracks Tech Lab  
  25  3:44  SCV  
  25  3:48  Refinery  
  25  3:49  Marine  
  25  3:50  Missile Turret  
  26  3:56  SCV  
  26  3:58  SCV, Marine  
  29  4:08  SCV, Combat Shields  
  30  4:10  Marine x2  
  30  4:12  Marine  
  30  4:16  Marine  
  34  4:19  SCV  
  34  4:20  SCV  
  36  4:27  Marine  
  36  4:28  Marine  
  36  4:31  SCV  
  39  4:34  Marine  
  40  4:38  Factory  
  40  4:40  Supply Depot  
  40  4:43  SCV  
  41  4:46  Supply Depot, SCV  
  41  4:47  Marine  
  43  4:54  Marine  
  43  4:55  SCV  
  43  4:58  SCV  
  46  5:01  Marine x2  
  46  5:04  Marine  
  46  5:05  Terran Infantry Weapons Level 1  
  49  5:07  SCV  
  50  5:16  Supply Depot  
  50  5:24  Factory Reactor  
  50  5:25  Starport  
  50  5:27  Marine x3  
  55  5:28  Marauder  
  55  5:29  SCV  
  55  5:30  SCV  
  57  5:41  SCV  
  57  5:42  Concussive Shells  
  58  5:45  Marine x2  
  58  5:46  Marauder  
  58  5:48  Supply Depot  
  64  5:50  Marauder  
  64  5:51  SCV  
  64  5:55  SCV  
  66  6:03  SCV  
  64  6:07  Starport Reactor  
  64  6:08  Widow Mine x2  
  68  6:13  SCV  
  68  6:15  Supply Depot  
  68  6:17  Command Center, Marine x2  
  71  6:20  Marauder  
  71  6:24  Refinery  
  73  6:27  SCV x2, Refinery  
  76  6:36  Liberator  
  75  6:44  Marauder, Marine x2  
  82  7:05  Marine  
  82  7:06  Marauder, Refinery, Marine  
  86  7:23  Marine x2  
  86  7:24  Supply Depot  
  86  7:25  Command Center, Supply Depot, Liberator  
  86  7:27  Siege Tank  
  86  7:28  Marauder  
  93  7:33  SCV, Marine x2  
  96  7:38  SCV  
  100  7:46  Marine  
  100  7:47  Marine  
  100  7:49  Supply Depot, Marauder  
  104  8:02  Orbital Command  
  104  8:05  SCV  
  105  8:09  Marine  
  105  8:10  Marine  
  105  8:11  Marauder  
  109  8:14  Siege Tank  
  112  8:20  SCV  
  112  8:21  SCV, Marine  
  112  8:26  Marine  
  114  8:27  Marine  
  114  8:31  Marine  
  114  8:32  Marauder  
  117  8:37  Orbital Command  
  117  8:39  Marine  
  118  8:41  Refinery  
  118  8:42  SCV  
  118  8:46  SCV x2  
  121  8:53  Marauder  
  111  9:09  Medivac x2  
  115  9:10  SCV  
  115  9:15  Siege Tank, Starport  
  119  9:17  Marine x2  
  119  9:18  Marauder  
  119  9:21  SCV x2  
  119  9:23  Marine  
  126  9:25  Refinery  
  126  9:32  Supply Depot  
  126  9:35  Supply Depot, Fusion Core  
  126  9:37  Terran Infantry Armor Level 1  
  126  9:40  SCV x2  
  128  9:47  SCV x2  
  130  9:54  Missile Turret  
  130  9:55  Marine  
  130  9:56  Marauder, Marine  
  130  9:58  Starport Tech Lab  
  130  9:59  Medivac  
  136  10:04  Liberator  
  136  10:06  Missile Turret  
  136  10:14  Marine x2  
  136  10:15  Marine  
  136  10:16  Marine  
  136  10:18  Marauder  
  136  10:21  Liberator  
  142  10:23  Advanced Ballistics  
  142  10:26  Supply Depot  
  145  10:31  Barracks  
  145  10:32  Barracks, Marine x2  
  145  10:35  Missile Turret  
  147  10:39  Marauder, Medivac  
  147  10:40  SCV  
  155  10:43  Marine x2  
  157  10:50  Supply Depot, Marine  
  157  10:52  Supply Depot, Marine  
  157  10:55  Liberator  
  159  11:00  Marauder  
  159  11:01  Supply Depot  
  161  11:04  Medivac  
  161  11:05  Marine x2  
  161  11:09  Marine  
  161  11:10  Marine  
  170  11:22  Marauder  
  172  11:31  Missile Turret  
  172  11:43  Marauder  
  158  11:59  Marine  
  158  12:00  Marine x5  
  161  12:03  Orbital Command  
  161  12:05  Marauder  
  161  12:08  SCV x3  
  165  12:10  Liberator x3  
  166  12:20  SCV x3  
  166  12:22  Marine x3  
  172  12:24  Barracks Tech Lab x2  
  172  12:26  Marauder  
  172  12:27  Command Center  
  183  12:30  Widow Mine  
  183  12:32  SCV  
  186  12:42  Command Center  
  186  12:46  SCV  
  186  12:47  SCV  
  188  12:52  SCV x2, Marauder x2, Marine x5  
Tags
 
Add a new tag
Caveats
  • Supply blocks, unpowered buildings, or Contaminate may cause inaccurate times.
  • Supply counts are checked every 10 seconds.